 Dungeon Crawl Stone Soup version 0.18.1-5-g4a78601 (webtiles) character file.

54 Ingvold the Covered (level 3, -1/33 HPs)
             Began as a Hill Orc Fighter on May 12, 2016.
             Slain by a gnoll
             ... wielding a +0 spear
              (7 damage)
             ... on level 2 of the Dungeon.
             The game lasted 00:03:11 (931 turns).

Ingvold the Covered (Hill Orc Fighter)               Turns: 931, Time: 00:03:11

Health: -1/33      AC:  7    Str: 19    XL:     3   Next: 91%
Magic:  12/12      EV:  7    Int:  8    God:
Gold:   94         SH:  9    Dex: 10    Spells: 0 memorised, 2 levels left

rFire  . . .     SeeInvis .     a - +0 war axe
rCold  . . .     Gourm    .     b - +0 scale mail
rNeg   . . .     Faith    .     c - +0 shield
rPois  .         Spirit   .     (no helmet)
rElec  .         Dismiss  .     (no cloak)
rCorr  .         Reflect  .     (no gloves)
SustAt .         Harm     .     (no boots)
MR     .....                    (no amulet)
Stlth  ..........               (no ring)
                                h - ring of magical power

@: not resistant to hostile enchantments, extremely unstealthy
A: no striking features
a: no special abilities


You were on level 2 of the Dungeon.
You were not hungry.

You visited 1 branch of the dungeon, and saw 2 of its levels.

You collected 94 gold pieces.

Inventory:

Hand Weapons
 a - a +0 war axe (weapon)
Armour
 b - a +0 scale mail (worn)
 c - a +0 shield (worn)
Jewellery
 h - a ring of magical power (left hand)
Scrolls
 e - a scroll of amnesia {unknown}
 i - a scroll of recharging {unknown}
 j - 2 scrolls of remove curse {unknown}
Potions
 d - a potion of might
 k - a potion of brilliance {unknown}
 l - a potion of berserk rage {unknown}
 m - a potion of curing {unknown}
 n - a potion of mutation {unknown}
Comestibles
 f - 2 bread rations
 g - a meat ration
 o - a beef jerky
 p - a chunk of flesh


   Skills:
 + Level 4.0 Fighting
 + Level 3.0 Axes
 + Level 4.1 Armour
 + Level 4.0 Shields


You had 2 spell levels left.
You didn't know any spells.

Dungeon Overview and Level Annotations

Branches:
Dungeon (2/15)

Altars:


Message History

The gnoll hits you from afar with a spear.
You hit the adder zombie. You block the adder zombie's attack.
The gnoll hits you but does no damage.
The adder zombie bites you but does no damage.
You closely miss the adder zombie.
The gnoll hits you from afar with a spear.
You block the adder zombie's attack. You block the gnoll's attack.
You slash the adder zombie! You block the adder zombie's attack.
The gnoll closely misses you. You block the adder zombie's attack.
You hit the adder zombie.
You destroy the adder zombie!
The gnoll hits you from afar with a spear.
* * * LOW HITPOINT WARNING * * *
The gnoll hits you with a club.
* * * LOW HITPOINT WARNING * * *
You slash the gnoll!
The gnoll is almost dead.
You block the gnoll's attack. x2
The gnoll hits you from afar with a spear!
You die...

###............##
#..............##
#..............#.
##..8.............
###.........#.####.#
.........####.##...#
###....### #.#..###
#..##.).###...## #@#
###..##..## #####g#
####....## #...g.#
#....#..#
#..g#####.####..##
#...##....# #...##
#### ##.[#..####
###..# ...
###.....## #..##
#.##...#†### #...#
#....###.###
#####.#.##


You could see 2 gnolls and a goblin.

Vanquished Creatures
  A gnoll (D:2)
  An ooze (D:1)
  2 adder skeletons (D:2)
  An adder zombie (D:2)
  2 dart slugs (D:1)
  A giant gecko (D:2)
  2 bat skeletons (D:2)
  2 giant cockroaches (D:2)
  3 goblins
  4 bats
  A giant cockroach zombie (D:2)
  2 giant gecko zombies (D:2)
  3 giant newts (D:1)
  4 kobolds
  A rat (D:1)
30 creatures vanquished.

Vanquished Creatures (others)
  4 toadstools (D:1)
4 creatures vanquished.

Grand Total: 34 creatures vanquished

Notes
Turn   | Place    | Note
--------------------------------------------------------------
     0 | D:1      | Ingvold the Hill Orc Fighter began the quest for the Orb.
     0 | D:1      | Reached XP level 1. HP: 19/19 MP: 1/1
   109 | D:1      | Reached XP level 2. HP: 25/27 MP: 2/2
   745 | D:2      | Reached XP level 3. HP: 30/33 MP: 3/3
   931 | D:2      | Slain by a gnoll

Skill      XL: |  1  2  3 |
---------------+----------+-----
Armour         | 4 |  4.1
Axes           | 3 |  3.0
Fighting       | 4 |  4.0
Shields        | 4 |  4.0

Action                   || total
-------------------------++-------
Melee: War axe           ||   110
Armor: Scale mail        ||    72
Dodge: Dodged            ||    40
Block: Shield            ||    83
